 Dungeon Crawl Stone Soup version 0.29-a0-982-gaed3a0c8d8 (webtiles) character file.

Game seed: 6755168600709012166

173 Newt the Insei (level 5, 0/33 HPs)
             Began as an Octopode Transmuter on Aug 1, 2022.
             Slain by a goblin
             ... wielding a +0 dagger
              (3 damage)
             ... on level 3 of the Dungeon.
             The game lasted 00:03:09 (2137 turns).

Newt the Insei (Octopode Transmuter)                Turns: 2137, Time: 00:03:09

Health: 0/33       AC:  1    Str: 11    XL:     5   Next: 53%
Magic:  6/8        EV: 13    Int: 16    God:
Gold:   158        SH:  0    Dex: 12    Spells: 5/8 levels left

rFire   . . .      SeeInvis .     - Unarmed
rCold   . . .      Faith    .   (no shield)
rNeg    . . .      Spirit   .   (helmet restricted)
rPois   +          Reflect  .   (no amulet)
rElec   .          Harm     .   j - ring of poison resistance
rCorr   .          Rampage  .   (no ring)
Will    .....                   (no ring)
Stlth   +++.......              (no ring)
HPRegen 0.11/turn               (no ring)
MPRegen 0.11/turn               (no ring)
                                (no ring)
                                (no ring)

@: wereblooded (expiring)
A: almost no armour, amphibious, 8 rings, camouflage 1, gelatinous body 1,
(nimble swimmer 1), tentacles
a: no special abilities


You were on level 3 of the Dungeon.
You visited 1 branch of the dungeon, and saw 3 of its levels.

You collected 158 gold pieces.

Inventory:

Jewellery
 j - a ring of poison resistance (left tentacle)
Scrolls
 d - a scroll of vulnerability
 e - a scroll of identify {unknown}
 i - a scroll of enchant armour {unknown}
Potions
 a - a potion of lignification
 b - a potion of curing {unknown}
 c - a potion of resistance {unknown}
 f - 3 potions of heal wounds {unknown}
 g - a potion of cancellation {unknown}
 h - a potion of attraction {unknown}
 k - a potion of degeneration {unknown}


   Skills:
 + Level 1.3 Fighting
 + Level 2.1 Dodging
 + Level 2.7 Stealth
 + Level 3.9 Unarmed Combat
 + Level 2.2 Spellcasting
 + Level 2.3 Transmutations
 * Level 3.6 Poison Magic


You had 5 spell levels left.
You knew the following spells:

 Your Spells              Type           Power      Damage    Failure   Level
a - Beastly Appendage     Tmut           18%        N/A       8%          1
b - Wereblood             Tmut           9%         N/A       12%         2

Your spell library contained the following spells:

 Spells                   Type           Power      Damage    Failure   Level
 Spider Form              Tmut/Pois      11%        N/A       19%         3
 Ice Form                 Ice/Tmut       5%         N/A       77%         4


Dungeon Overview and Level Annotations

Branches:
Dungeon (3/15)

Altars:
Elyvilon
Uskayaw


Innate Abilities, Weirdness & Mutations

You cannot wear most types of armour.
You are amphibious.
You can wear up to eight rings at the same time.
Your skin changes colour to match your surroundings (Stealth+).
Your rubbery body absorbs attacks. (AC +1, EV +1)
((You are camouflaged when in or above water. (Stealth+)))
You have tentacles for arms and can constrict up to eight enemies at once.


Message History

The orc priest is lightly wounded.
You howl as the wereblood boils in your veins!
The orc priest hits you with a +0 club.
You barely miss the orc priest. Your grab misses the orc priest.
The orc priest is lightly wounded.
The orc priest hits you with a +0 club.
You tentacle-slap the orc priest but do no damage.
Your grab misses the orc priest.
You pierce the orc priest, but do no damage.
The orc priest is lightly wounded.
You howl as the wereblood boils in your veins!
The orc priest hits you with a +0 club!
You bludgeon the orc priest! You grab the orc priest.
You squeeze the orc priest, but do no damage.
The orc priest is severely wounded.
Your tentacle spike disappears.
You constrict the orc priest, but do no damage.
The orc priest hits you with a +0 club.
You tentacle-slap the orc priest. You squeeze the orc priest.
You feel a bit better.
You kill the orc priest!
You tentacle-slap the orc. You grab the orc.
The orc is almost dead.
You constrict the orc, but do no damage.
The orc misses you.
You tentacle-slap the orc.
You feel a bit better.
You kill the orc!
Your primal bloodlust is almost over.
The goblin zaps a wand.
The mass of ice explodes!
The iceblast engulfs you!
Ouch! That really hurt!
* * * LOW HITPOINT WARNING * * *
You barely miss the orc. Your grab misses the orc. You squeeze the orc.
The orc is severely wounded.
The orc barely misses you.
You completely miss the orc. You grab the orc.
The orc is severely wounded.
You constrict the orc.
You feel a bit better.
You kill the orc!
The goblin hits you with a +0 dagger.
You die...

.........#
.........#
......$...
.........####
............
..........#
.......g..#
#@# #.# #.#
#.# #.# #.#
#.# #.#
#.######


You could see a goblin.

Vanquished Creatures
  An orc priest (D:3)
  Jessica (D:2)
  An orc wizard (D:3)
  2 adders
  2 gnolls (D:1)
  A dart slug (D:1)
  6 orcs (D:3)
  3 endoplasms
  3 giant cockroaches
  5 goblins
  5 hobgoblins
  6 jackals (D:1)
  4 kobolds
  2 quokkas (D:1)
  A bat (D:1)
  2 frilled lizards
  4 rats
49 creatures vanquished.

Notes
Turn   | Place    | Note
-------+----------+-------------------------------------------
     0 | D:1      | Newt the Octopode Transmuter began the quest for the Orb.
     0 | D:1      | Reached XP level 1. HP: 13/13 MP: 3/3
    71 | D:1      | Reached XP level 2. HP: 13/18 MP: 3/5
   151 | D:1      | Learned a level 2 spell: Wereblood
   482 | D:1      | Reached XP level 3. HP: 23/23 MP: 2/6
   677 | D:1      | Reached skill level 1 in Stealth
  1025 | D:2      | Reached XP level 4. HP: 17/28 MP: 7/7
  1566 | D:2      | Found a hide-covered altar of Uskayaw.
  1723 | D:2      | Noticed Jessica
  1728 | D:2      | Killed Jessica
  1765 | D:3      | Found a white marble altar of Elyvilon.
  2123 | D:3      | Reached XP level 5. HP: 27/33 MP: 4/8
  2134 | D:3      | HP: 1/33 [goblin/iceblast (17)]
  2137 | D:3      | Slain by a goblin

Illustrated notes

Levels and vault maps discovered:
D:1:      arrival_zaba_pyramid, layout_loops_ring, grunt_decor_junction,
          chequers_decorated_corner, serial_bayou_ford_a,
          chequers_serial_rivers_micro_c, minmay_misc_feat_secret_circle,
          patterned_corridor
D:2:      layout_basic, basic_altar, chequers_mini_garden, uniq_jessica
D:3:      layout_basic, kennysheep_ying_yang, ebering_ghost_reflecting_pool,
          minmay_misc_feat_chi

Skill      XL: |  1  2  3  4 |
---------------+-------------+-----
Poison Magic   | 2 3 |  3.6
Stealth        | 1 2 |  2.7
Fighting       | |  1.3
Dodging        | |  2.1
Unarmed Combat | |  3.9
Spellcasting   | |  2.2
Transmutations | |  2.3

Action                   |  1- 3 |  4- 6 || total
-------------------------+-------+-------++-------
Melee: Unarmed           |    65 |    49 ||   114
       Kick              |    21 |     9 ||    30
       Constrict         |    21 |    15 ||    36
       Tentacles         |     6 |    15 ||    21
       Punch             |       |     2 ||     2
 Cast: Beastly Appendage |     8 |     6 ||    14
       Wereblood         |     1 |     2 ||     3
  Use: Scroll            |       |     2 ||     2
 Stab: Sleeping          |     4 |     6 ||    10
       Distracted        |     1 |       ||     1
Armor: Skin              |     4 |     4 ||     8
Dodge: Dodged            |    37 |    26 ||    63

Table legend: (Time is in decaauts)
 A = Elapsed time spent in this place.
 B = Non-inter-level travel time spent in this place.
 C = Inter-level travel time spent in this place.
 D = Time resting spent in this place.
 E = Time spent auto-exploring this place.
 F = Levels seen in this place.
 G = Mean time per level.
                   A        B        C        D        E       F      G
               +--------+--------+--------+--------+--------+-----+--------+
         Total |   2128 |   2093 |     35 |      0 |   1778 |   3 |  709.3 |
       Dungeon |   2128 |   2093 |     35 |      0 |   1778 |   3 |  709.3 |
               +--------+--------+--------+--------+--------+-----+--------+

Top non-repeatable levels by time:
     D:1: 936 daAuts
     D:2: 822 daAuts
     D:3: 369 daAuts
